 Dungeon Crawl Stone Soup version 0.29-a0-275-g389c0b56f3 (webtiles) character file.

Game seed: 4433337362932029635

802 epen the Firebug (level 7, 0/91 HPs)
             Began as a Naga Fire Elementalist on Mar 11, 2022.
             Was a Believer of Zin.
             Succumbed to a water moccasin's poison
             ... on level 5 of the Dungeon.
             The game lasted 00:10:37 (5251 turns).

epen the Firebug (Naga Fire Elementalist)           Turns: 5251, Time: 00:10:37

Health: 0/91       AC:  5    Str: 11    XL:     7   Next: 90%
Magic:  1/12       EV: 10    Int: 17    God:    Zin [**....]
Gold:   161        SH:  0    Dex: 11    Spells: 7/13 levels left

rFire   . . .      SeeInvis +   g - +3 dagger (elec)
rCold   . . .      Faith    .   (no shield)
rNeg    . . .      Spirit   .   a - +0 robe
rPois   +          Reflect  .   (no helmet)
rElec   .          Harm     .   (no cloak)
rCorr   .          Rampage  .   e - +1 pair of gloves
Will    .....                   (no barding)
Stlth   ..........              (no amulet)
HPRegen 0.25/turn               (no ring)
MPRegen 0.13/turn               (no ring)

@: berserking (expiring), lethally poisoned (0 -> -3), quick
A: AC +2, large, see invisible, deformed body, poison resistance, slowness 2,
spit poison 1, naga tail 1
a: Spit Poison, Renounce Religion, Recite, Vitalisation, Donate Gold


You were on level 5 of the Dungeon.
You worshipped Zin.
Zin was pleased with you.
You visited 1 branch of the dungeon, and saw 5 of its levels.

You collected 178 gold pieces.
You donated 17 gold pieces to Zin.

Inventory:

Hand Weapons
 c - a +0 dagger
 g - a +3 dagger of electrocution (weapon)
Armour
 a - a +0 robe (worn)
 e - a +1 pair of gloves (worn)
Jewellery
 j - a ring of protection from fire
 k - a +6 ring of strength
Wands
 l - a wand of iceblast (14)
Scrolls
 d - a scroll of vulnerability
 f - 2 scrolls of fog
 i - a scroll of teleportation
 n - a scroll of identify
 o - a scroll of magic mapping
Potions
 b - a potion of magic
 h - a potion of might {unknown}
 m - a potion of attraction {unknown}
 t - a potion of berserk rage
 u - 2 potions of brilliance


   Skills:
 + Level 2.6 Fighting
 + Level 3.2 Dodging
 - Level 4.3 Stealth
 + Level 3.7 Spellcasting
 + Level 3.7 Conjurations
 + Level 4.6 Fire Magic
 + Level 2.9 Invocations


You had 7 spell levels left.
You knew the following spells:

 Your Spells              Type           Power      Damage    Failure   Level
a - Foxfire               Conj/Fire      68%        2x1d7     3%          1
b - Scorch                Fire           36%        2d6       3%          2
c - Conjure Flame         Conj/Fire      17%        6-21      9%          3

Your spell library contained the following spells:

 Spells                   Type           Power      Damage    Failure   Level
 Inner Flame              Hex/Fire       11%        N/A       19%         3
 Flame Wave               Conj/Fire      17%        2d6       28%         4
 Call Canine Familiar     Summ           3%         N/A       43%         3
 Portal Projectile        Hex/Tloc       6%         N/A       43%         3
 Leda's Liquefaction      Hex/Erth       1%         N/A       85%         4


Dungeon Overview and Level Annotations

Branches:
Dungeon (5/15)             Temple (0/1) D:5

Altars:
Cheibriados
Nemelex Xobeh
Qazlal
Sif Muna
Vehumet
Wu Jian
Zin

Annotations:
D:4 3 runed translucent doors, RNPValinor's ghost, amateur VSFi


Innate Abilities, Weirdness & Mutations

Your serpentine skin is tough. (AC +2)
You have supernaturally acute eyesight. (SInv)
Armour fits poorly on your strangely shaped body.
Your system is resistant to poisons. (rPois)
You cover ground very slowly.
You can spit poison.
You have a snake-like lower body.


Message History

Confirm with . or Enter, or press ? or * to list all spells.
You conjure some foxfire!
You feel sick. The water moccasin barely misses you.
The water moccasin misses you.
The water moccasin attacks as you move away!
The water moccasin bites you.
* * * LOW HITPOINT WARNING * * *
You are lethally poisoned!
The water moccasin poisons you!
* * * LOW HITPOINT WARNING * * *
You feel very sick.
The foxfire hits the water moccasin.
The water moccasin is heavily wounded.
The foxfire hits the water moccasin but does no damage.
The water moccasin is heavily wounded.
A red film seems to cover your vision as you go berserk!
You feel yourself moving faster!
You feel mighty!
* * * LOW HITPOINT WARNING * * *
You feel sick. The water moccasin bites you.
* * * LOW HITPOINT WARNING * * *
The water moccasin barely misses you.
You puncture the water moccasin!
The water moccasin is almost dead.
* * * LOW HITPOINT WARNING * * *
You feel sick.
The water moccasin bites you but does no damage.
You puncture the water moccasin!
You kill the water moccasin!
* * * LOW HITPOINT WARNING * * *
You feel sick.
You are too berserk!
* * * LOW HITPOINT WARNING * * *
You feel sick.
There is a stone staircase leading up, spattered with blood here.
You are possessed by a berserker rage.
You are lethally poisoned (1 -> -3).
Your movement speed is quick.
Your attack delay is about 0.7.
Found 3 gold pieces.
Found a staircase to the Ecumenical Temple.
You feel a strong urge to attack something.
Zin protects you from harm!
You die...

##. #...$
..###..>
...#... . #
#..... ..
#.#....##
...
.......#
..#
#.#.†.#...#
#...))..$#
#.#@##.....
#.#......##
#.####...#
#. .## #. #
#. #.


There were no monsters in sight!

Vanquished Creatures
  Eustachio (D:4)
  A water moccasin (D:5)
  Pargi (D:4)
  A black bear (D:5)
  An ogre (D:5)
  Jessica (D:2)
  Natasha (thrice) (D:4)
  An orc wizard (D:4)
  4 gnolls
  5 adders (D:3)
  2 ufetubi
  2 worms
  A dart slug (D:1)
  4 orcs
  5 bats
  6 endoplasms
  3 giant cockroaches
  7 goblins
  4 hobgoblins
  3 jackals (D:1)
  6 kobolds
  6 ball pythons
  A frilled lizard (D:1)
  5 rats
  A foxfire (D:4)
75 creatures vanquished.

Vanquished Creatures (others)
  An orc wizard (D:4)
  38 foxfires
39 creatures vanquished.

Grand Total: 114 creatures vanquished

Notes
Turn   | Place    | Note
-------+----------+-------------------------------------------
     0 | D:1      | epen the Naga Fire Elementalist began the quest for the
                  | Orb.
     0 | D:1      | Reached XP level 1. HP: 15/15 MP: 3/3
   668 | D:1      | Reached XP level 2. HP: 6/22 MP: 1/5
   933 | D:1      | Learned a level 2 spell: Scorch
  1488 | D:1      | Found a faded altar of an unknown god.
  1495 | D:1      | Reached XP level 3. HP: 28/28 MP: 3/6
  1504 | D:1      | Prayed at the altar of an unknown god.
  1504 | D:1      | Became a worshipper of Zin the Law-Giver
  1504 | D:1      | Reached * piety under Zin
  1730 | D:2      | Found a shimmering blue altar of Sif Muna.
  2045 | D:2      | Reached XP level 4. HP: 28/36 MP: 7/7
  2062 | D:2      | Learned a level 3 spell: Conjure Flame
  2342 | D:2      | Noticed Jessica
  2349 | D:2      | Killed Jessica
  3090 | D:3      | Reached XP level 5. HP: 42/42 MP: 7/9
  3114 | D:3      | Found a stormy altar of Qazlal.
  3400 | D:3      | Reached ** piety under Zin
  3534 | D:3      | Found a radiant altar of Vehumet.
  3541 | D:3      | Found a sparkling altar of Nemelex Xobeh.
  4022 | D:4      | Found a runed translucent gate.
  4022 | D:4      | Found a runed translucent gate.
  4022 | D:4      | Found a runed translucent gate.
  4029 | D:4      | Noticed a centaur
  4030 | D:4      | Noticed RNPValinor's ghost (amateur VSFi)
  4031 | D:4      | Noticed a black bear
  4252 | D:4      | HP: 2/43 [orc wizard/magic dart (4)]
  4255 | D:4      | Reached skill level 1 in Invocations
  4275 | D:4      | Reached skill level 1 in Fighting
  4462 | D:4      | Found an ornate altar of the Wu Jian Council.
  4504 | D:4      | Found a snail-covered altar of Cheibriados.
  4509 | D:4      | Noticed Natasha
  4516 | D:4      | Reached XP level 6. HP: 42/51 MP: 10/10
  4677 | D:4      | Killed Natasha
  4732 | D:4      | Noticed Eustachio
  4744 | D:4      | Killed Eustachio
  4940 | D:4      | Noticed Natasha
  4945 | D:4      | Killed Natasha
  4954 | D:4      | Noticed Natasha
  4958 | D:4      | Killed Natasha
  4959 | D:4      | Reached XP level 7. HP: 53/58 MP: 2/11
  5057 | D:4      | Noticed Pargi
  5066 | D:4      | Killed Pargi
  5226 | D:5      | Entered Level 5 of the Dungeon
  5246 | D:5      | HP: 4/91 [water moccasin (5)]
  5249 | D:5      | HP: 1/91 [poisoned by a water moccasin]
  5250 | D:5      | Found a staircase to the Ecumenical Temple.
  5250 | D:5      | Zin protects you from harm!
  5251 | D:5      | Succumbed to a water moccasin's poison

Illustrated notes

Levels and vault maps discovered:
D:1:      minmay_arrival_arboretum_small, layout_loops_corners,
          shapermc_ecumenical_altar_mp_highgroup
D:2:      layout_loops_cross, basic_altar, uniq_jessica
D:3:      layout_basic, mainiacjoe_overflow_brackets,
          amethyst_overflow_temple_binary
D:4:      layout_loops_cross, mainiacjoe_overflow_alcove_2,
          mainiacjoe_overflow_cross_hatched, gammafunk_ghost_split,
          minmay_misc_feat_tiny, uniq_pargi, uniq_eustachio, uniq_natasha
D:5:      layout_loops_ring, minmay_temple_entry_tees

Skill      XL: |  1  2  3  4  5  6  7 |
---------------+----------------------+-----
Dodging        | 2 3 |  3.2
Stealth        | 4 |  4.3
Conjurations   | 2 3 |  3.7
Invocations    | 1 2 |  2.9
Fighting       | 1 2 |  2.6
Spellcasting   | 3 |  3.7
Fire Magic     | 4 |  4.6

Action                   |  1- 3 |  4- 6 |  7- 9 || total
-------------------------+-------+-------+-------++-------
Melee: Dagger            |    72 |    94 |    11 ||   177
       Unarmed           |     5 |       |       ||     5
       Punch             |     1 |     1 |       ||     2
 Cast: Foxfire           |     9 |    14 |     2 ||    25
       Scorch            |    11 |    26 |     9 ||    46
       Conjure Flame     |       |     1 |       ||     1
 Abil: Spit Poison       |     1 |     1 |       ||     2
  Use: Potion            |     1 |     5 |     1 ||     7
       Scroll            |       |    10 |       ||    10
 Stab: Sleeping          |     3 |     8 |       ||    11
       Invisible         |       |     1 |       ||     1
Armor: Skin              |    15 |       |       ||    15
       Robe              |    11 |    32 |    10 ||    53
Dodge: Dodged            |    34 |    70 |    11 ||   115

Table legend: (Time is in decaauts)
 A = Elapsed time spent in this place.
 B = Non-inter-level travel time spent in this place.
 C = Inter-level travel time spent in this place.
 D = Time resting spent in this place.
 E = Time spent auto-exploring this place.
 F = Levels seen in this place.
 G = Mean time per level.
                   A        B        C        D        E       F      G
               +--------+--------+--------+--------+--------+-----+--------+
         Total |   6256 |   6112 |    144 |    933 |   4381 |   5 | 1251.2 |
       Dungeon |   6256 |   6112 |    144 |    933 |   4381 |   5 | 1251.2 |
               +--------+--------+--------+--------+--------+-----+--------+

Top non-repeatable levels by time:
     D:1: 2306 daAuts
     D:4: 1451 daAuts
     D:2: 1331 daAuts
     D:3: 1142 daAuts
     D:5: 25 daAuts
